 Dungeon Crawl Stone Soup version 0.18.1-1-g2f07953 (webtiles) character file.

160 Romlok the Skirmisher (level 5, 0/39 HPs)
             Began as a Mummy Ice Elementalist on May 7, 2016.
             Slain by Crazy Yiuf
             ... wielding a +2 quarterstaff of chaos
              (1 damage)
             ... on level 3 of the Dungeon.
             The game lasted 00:36:30 (3934 turns).

Romlok the Skirmisher (Mummy Ice Elementalist)      Turns: 3934, Time: 00:36:30

Health: 0/39       AC:  5    Str: 11    XL:     5   Next: 17%
Magic:  1/8        EV: 12    Int: 14    God:
Gold:   118        SH:  4    Dex: 14    Spells: 1 memorised, 7 levels left

rFire  x . .     SeeInvis .     a - +0 spear (vamp)
rCold  + . .     Gourm    .     q - +0 robe
rNeg   + + +     Faith    .     d - +0 buckler
rPois  ∞         Spirit   .     s - +0 helmet
rElec  .         Dismiss  .     g - +0 cloak
rCorr  .         Reflect  .     (no gloves)
SustAt .         Harm     .     j - +0 pair of boots
MR     .....                    (no amulet)
Stlth  +.........               (no ring)
                                e - ring of loudness (curse)

@: very slightly contaminated, slowed, very slow, not resistant to hostile
enchantments, very unstealthy
A: no food or potions, fire vulnerability, cold resistance 1, negative energy
resistance 3, torment resistance, unbreathing
a: no special abilities


You were on level 3 of the Dungeon.
You were not hungry.

You visited 1 branch of the dungeon, and saw 4 of its levels.

You collected 118 gold pieces.

Inventory:

Hand Weapons
 a - a +0 vampiric spear (weapon)
 b - a +0 hunting sling
 h - a +0 whip
 k - a +0 hand axe
 n - a +0 spear
 o - a +1 vampiric dagger
Missiles
 c - 110 stones (quivered)
Armour
 d - a +0 buckler (worn)
 g - a +0 cloak (worn)
 j - a +0 pair of boots (worn)
 q - a +0 robe (worn)
 s - a +0 helmet (worn)
Jewellery
 e - a cursed ring of loudness (left hand)
Wands
 p - a wand of paralysis (0/24)
Scrolls
 f - 2 scrolls of immolation
 i - 4 scrolls of identify
 l - a scroll of enchant weapon
 m - 2 scrolls of blinking
Books
 r - a book of Frost

   Spells                             Type                      Level
   a - Freeze                         Ice                          1
   b - Throw Frost                    Conjuration/Ice              2
   c - Ozocubu's Armour               Charms/Ice                   3
   d - Throw Icicle                   Conjuration/Ice              4
   e - Summon Ice Beast               Ice/Summoning                4


   Skills:
 + Level 2.7 Fighting
 + Level 1.8 Throwing
 - Level 1.5 Dodging
 - Level 1.5 Stealth
 * Level 2.3 Shields
 - Level 2.0 Spellcasting
   Level 0.7 Conjurations
 - Level 2.4 Ice Magic


You had 7 spell levels left.
You knew the following spells:

 Your Spells              Type           Power        Failure   Level  Hunger
a - Freeze                Ice            #...         14%         1    N/A

Dungeon Overview and Level Annotations

Branches:
Dungeon (4/15)
 Temple: D:4-7

Altars:
Dithmenos
Yredelemnul

Annotations:
D:3 Crazy Yiuf, Sigmund


Innate Abilities, Weirdness & Mutations

You do not eat or drink.
Your flesh is vulnerable to fire.
You are immune to poison.
Your flesh is cold resistant.
You are immune to negative energy.
You are immune to unholy pain and torment.
You can survive without breathing.


Message History

Aiming: Freeze
Press: ? - help, Shift-Dir - straight line, f/p - Crazy Yiuf
Aim: Crazy Yiuf, wielding a quarterstaff of chaos and wearing a glowing cloak (heavily wounded, unusually resistant)
You miscast Freeze.
Nothing appears to happen.
Crazy Yiuf hits you with a quarterstaff of chaos!
You are electrocuted!
* * * LOW HITPOINT WARNING * * *
Crazy Yiuf screams, "Castle forty-two meccalolo!"
Crazy Yiuf cries, "You leg down broken song, no?"
Crazy Yiuf hits you with a quarterstaff of chaos.
* * * LOW HITPOINT WARNING * * *
Read which item? (? for menu, Esc to quit)
Blink to where?
Press: ? - help, Dir - move target cursor, f - you, p - Crazy Yiuf
Okay, then.
Unknown command.
Unknown command.
Unknown command.
Crazy Yiuf hits you with a quarterstaff of chaos.
You die...

#)##........#############..####
#.##.............##....##..#...
#.##.............'.............
#.##...#####..#####....##..#.##
#.##...# #....# #######..#.##
#.##...# #....# ###...##..#...
#......# ##...# #.........####
######## ##.## #.............
##@# #............. #g##
#..........!.. ##.#
#............. #.##
#...##........ #'#
#..###..†..... ..) #..#
#........ #...# #..# #..!.....
#).)# #..# #........ ##### #..#
######...


You could see Crazy Yiuf.

Vanquished Creatures
  Robin (D:3)
  3 gnolls (D:3)
  3 adders (D:2)
  3 worms
  4 dart slugs
  2 giant geckos (D:1)
  5 bats
  5 giant cockroaches
  15 goblins
  7 hobgoblins
  9 jackals (D:2)
  8 kobolds
  A ball python (D:3)
  3 giant newts (D:2)
  4 rats
73 creatures vanquished.

Notes
Turn   | Place    | Note
--------------------------------------------------------------
     0 | D:1      | Romlok the Mummy Ice Elementalist began the quest for the Orb.
     0 | D:1      | Reached XP level 1. HP: 13/13 MP: 3/3
   267 | D:1      | Reached skill level 1 in Fighting
   289 | D:1      | Reached XP level 2. HP: 20/21 MP: 0/5
  1055 | D:2      | Reached skill level 1 in Shields
  1090 | D:2      | Reached XP level 3. HP: 27/27 MP: 2/6
  1515 | D:2      | Reached skill level 1 in Throwing
  1707 | D:2      | Reached XP level 4. HP: 33/33 MP: 4/7
  2615 | D:3      | Found a basalt altar of Yredelemnul.
  3316 | D:3      | Paralysed by a gnoll for 3 turns
  3495 | D:3      | Noticed Robin
  3672 | D:3      | Reached XP level 5. HP: 37/39 MP: 8/8
  3696 | D:3      | Killed Robin
  3782 | D:3      | Found a shadowy altar of Dithmenos.
  3782 | D:3      | Noticed Sigmund
  3835 | D:4      | Noticed a phantom
  3921 | D:3      | Noticed Crazy Yiuf
  3932 | D:3      | HP: 1/39 [Crazy Yiuf/quarterstaff of chaos (2)]
  3934 | D:3      | Slain by Crazy Yiuf

Skill      XL: |  1  2  3  4 |
---------------+-------------+-----
Fighting       | 1 2 |  2.7
Shields        | 1 2 |  2.3
Throwing       | 1 |  1.8
Dodging        | |  1.5
Stealth        | |  1.5
Spellcasting   | |  2.0
Conjurations   | |  0.7
Ice Magic      | |  2.4

Action                   |  1- 3 |  4- 6 || total
-------------------------+-------+-------++-------
Melee: Club              |     2 |       ||     2
       Hand axe          |    44 |    19 ||    63
       Whip              |     2 |       ||     2
       Dagger            |       |    35 ||    35
       Spear             |       |    54 ||    54
Throw: Stone             |    97 |    95 ||   192
 Cast: Freeze            |    37 |    42 ||    79
Evoke: Wand              |       |     2 ||     2
  Use: Scroll            |     6 |       ||     6
 Stab: Paralysed         |       |     4 ||     4
Armor: Robe              |    17 |    24 ||    41
Dodge: Dodged            |    41 |    53 ||    94
Block: Buckler           |    19 |    15 ||    34
